 Dungeon Crawl Stone Soup version 0.18.1-48-g4cf74bf (webtiles) character file.

118 Heedrag the Conjurer (level 4, 0/24 HPs)
             Began as a Deep Elf Conjurer on Aug 11, 2016.
             Slain by a gnoll
             ... wielding a +0 mace
              (10 damage)
             ... on level 2 of the Dungeon.
             The game lasted 00:04:33 (1838 turns).

Heedrag the Conjurer (Deep Elf Conjurer)            Turns: 1838, Time: 00:04:33

Health: 0/24       AC:  2    Str:  6    XL:     4   Next: 72%
Magic:  0/12       EV: 13    Int: 20    God:
Gold:   57         SH:  0    Dex: 15    Spells: 2 memorised, 8 levels left

rFire  . . .     SeeInvis .     e - +0 spear
rCold  . . .     Gourm    .     a - +0 robe
rNeg   . . .     Faith    .     (no shield)
rPois  .         Spirit   .     (no helmet)
rElec  .         Dismiss  .     (no cloak)
rCorr  .         Reflect  .     (no gloves)
SustAt .         Harm     .     (no boots)
MR     .....                    (no amulet)
Stlth  ++........               (no ring)
                                (no ring)

@: not resistant to hostile enchantments, unstealthy
A: no striking features
a: no special abilities


You were on level 2 of the Dungeon.
You were not hungry.

You visited 1 branch of the dungeon, and saw 2 of its levels.

You collected 57 gold pieces.

Inventory:

Hand Weapons
 e - a +0 spear (weapon)
Armour
 a - a +0 robe (worn)
Scrolls
 d - 3 scrolls of identify {unknown}
 g - 3 scrolls of remove curse {unknown}
 i - a scroll of fog {unknown}
Potions
 h - a potion of resistance {unknown}
Books
 b - a book of Conjurations

   Spells                             Type                      Level
   a - Magic Dart                     Conjuration                  1
   b - Searing Ray                    Conjuration                  2
   c - Dazzling Spray                 Conjuration/Hexes            3
   d - Fulminant Prism                Conjuration/Hexes            4
   e - Iskenderun's Mystic Blast      Conjuration                  4
   f - Iskenderun's Battlesphere      Conjuration/Charms           5
Comestibles
 c - 3 bread rations
 f - 2 chunks of flesh


   Skills:
 - Level 2.4 Dodging
 - Level 2.4 Stealth
 + Level 4.6 Spellcasting
 * Level 6.0 Conjurations


You had 8 spell levels left.
You knew the following spells:

 Your Spells              Type           Power        Failure   Level  Hunger
a - Magic Dart            Conj           ####         1%          1    None
b - Dazzling Spray        Conj/Hex       ###...       12%         3    ##.....


Dungeon Overview and Level Annotations

Branches:
Dungeon (2/15)

Altars:
Trog


Message History

Aimin': Magic Dart
Press: ? - help, Shift-Dir - straight line, f/p - gnoll
Aim: a gnoll, wieldin' a mace (heavily wounded) Tha magic dart hits tha gnoll.
Tha gnoll be severely wounded.
Tha gnoll hits ye wit' a mace.
Castin': Magic Dart Confirm wit' . or Enter, or press ? or * ta list all spells.
Ye dinnae haf enough magic ta cast tha spell.
Unknown command.
Castin': Magic Dart Confirm wit' . or Enter, or press ? or * ta list all spells.
Ye dinnae haf enough magic ta cast tha spell.
Ye hit tha gnoll but do nay damage.
Tha gnoll be severely wounded.
Tha gnoll hits ye wit' a mace.
Ye barely miss tha gnoll.
Tha gnoll be severely wounded.
Tha gnoll hits ye wit' a mace!
Ye die...

.#.# #............######.##.#
...# #..............)....##.#
...# #............#########.#
...#############.###### #.#
..>........).(.......... #.#
...#############.####### #..
...##......# #)# ...###
.#.##....).# #g# #####...#
.#.##......# #@# #.......###
.#.##......#####.######.####..#..
##...........................>#..
##.#######.#####.######.####..#..
.##......#.#.....# #....(..###
.#######.#.#.##### #####...# #
..#..# #.#.#.....# #...#.# #
..##.# #.#.#####.########.###.###
..##.# #.#.....#.......##.# #.#..


You could see a gnoll.

Vanquished Creatures
  Natasha (D:2)
  2 gnolls (D:2)
  2 oozes
  4 worms
  5 bats
  3 giant cockroaches
  7 goblins
  5 hobgoblins
  7 jackals (D:1)
  A quokka (D:2)
  A ball python (D:1)
  2 giant newts
  5 kobolds
  7 rats
52 creatures vanquished.

Notes
Turn   | Place    | Note
--------------------------------------------------------------
     0 | D:1      | Heedrag the Deep Elf Conjurer began the quest for the Orb.
     0 | D:1      | Reached XP level 1. HP: 10/10 MP: 6/6
   244 | D:1      | Reached XP level 2. HP: 9/15 MP: 1/8
   455 | D:1      | Reached skill level 5 in Conjurations
   803 | D:1      | Reached XP level 3. HP: 15/19 MP: 6/10
  1170 | D:2      | Found a faded altar to an unknown god.
  1233 | D:2      | Learned a level 3 spell: Dazzling Spray
  1424 | D:2      | Noticed a moth of wrath
  1427 | D:2      | Found a bloodstained altar of Trog.
  1586 | D:2      | Reached XP level 4. HP: 24/24 MP: 0/12
  1709 | D:2      | Noticed Natasha
  1714 | D:2      | Killed Natasha
  1835 | D:2      | Reached skill level 6 in Conjurations
  1838 | D:2      | Slain by a gnoll

Skill      XL: |  1  2  3  4 |
---------------+-------------+-----
Conjurations   | 5 6 |  6.0
Spellcasting   | 4 |  4.6
Dodging        | |  2.4
Stealth        | |  2.4

Action                   |  1- 3 |  4- 6 || total
-------------------------+-------+-------++-------
Melee: Spear             |    28 |     8 ||    36
 Cast: Magic Dart        |    93 |    24 ||   117
  Eat: Chunk             |     2 |     1 ||     3
Armor: Robe              |     4 |       ||     4
Dodge: Dodged            |    18 |     7 ||    25
